← All builds
Tech / Armada / Economy first / OBSERVED BUILD

Standard tech

Armada Tech (Eco) build order · Supreme Isthmus

Rushes T2 by 4:15, gets Advanced Metal Extractor around 5:28, hands off T2 constructors to Geo and the team, then scales eco and supplies the team's T2 needs through the rest of the game.

Usually first T2 con to Geo (83%)

#eco #t2 #team support · 1574 distinct matches · 255 players · 58% of Armada Tech games · team won 53% of 1868 · Recently observed

HOW TO PLAY IT

Key timing: T2 factory by 4:15

  1. Open 3 mex and heavy wind to fund a fast T2 rush.
  2. Put down Bot Lab, planning to eat it for reclaim soon after.
  3. Get Advanced Bot Lab up, hitting the T2 factory rush timing.
  4. Upgrade mex to Advanced Metal Extractor to lock in team metal income.
  5. Eat Advanced Bot Lab and keep sending cons to Geo and Pond.

Phase by phase

TYPICAL OF ITS 1574 GAMES
  1. 1
  2. 2
  3. 3
  4. 4
PLAY THE OPENING

Follow the example game's first 6:00 step by step: what to build now, what comes next, and where it goes. At 1× it keeps pace with your own game.

  1. 1

    Up to the Bot Lab

    Economy
    • Metal Extractor3Mex
    • Wind Turbine4Wind
    Order
    1. Bot LabBot Lab after 3 mex, 4 winddone ~1:18, middle half 1:13–1:32

    Some games also: energy storage (31%)

    By 1:01 in all: 3 mex · 4 wind

    The example game in this phase · 3 steps
    1. Mex ×3
    2. Wind ×5
    3. Bot LabBot Labdone 1:40 · typical 1:18
  2. 2

    Bot Lab to Advanced Bot Lab

    Economy
    • Metal Extractor1Mex
    • Wind Turbine8Wind
    • Energy Storage1Energy storage
    Order
    1. Advanced Bot LabAdvanced Bot Lab after 4 mex, 12 wind, 3 con turretdone ~4:16, middle half 4:04–4:30
    Builders
    • Construction Turret3 Con turret
    • Lazarus3 Lazarus
    • Construction Bot2 Con bot
    • Construction Bot1 Con bot for allies

    Some games also: converter (36%)

    By 3:18 in all: 4 mex · 12 wind · 1 energy storage · 3 con turret

    The example game in this phase · 15 steps
    1. Energy storage
    2. Construction BotCon botfor Air
    3. Construction BotCon bot
    4. LazarusLazarus
    5. LazarusLazarusfor Air
    6. LazarusLazarus
    7. Mex
    8. LazarusLazarus ×3
    9. Construction BotCon bot
    10. Wind
    11. Con turret
    12. Wind
    13. Con turret ×2
    14. Wind
    15. Advanced Bot LabAdvanced Bot Labdone 4:26 · typical 4:16
  3. 3

    Advanced Bot Lab to 5:00

    Economy
    • Wind Turbine3Wind
    Order
    1. Bot LabEat Bot Lab
    Builders
    • Advanced Construction Bot1 T2 con bot for allies

    Some games also: converter (35%)

    By 5:00 in all: 4 mex · 15 wind · 1 converter · 1 energy storage · 3 con turret

    The example game in this phase · 6 steps
    1. Bot LabEat Bot Labreclaimed for its metal
    2. Wind ×2
    3. Advanced Construction BotT2 con bot ×2for Geo
    4. Advanced Metal ExtractorT2 mexdone 5:53 · typical 5:29
    5. Wind
    6. Advanced Metal ExtractorT2 mex
  4. 4

    5:00 to 10:00

    Economy
    • Wind Turbine43Wind
    • Energy Converter6Converter
    Builders
    • Butler9 Butler
    • Advanced Construction Bot4 T2 con bot for allies
    • Advanced Construction Bot1 T2 con bot

    Some games also: con turret (43%) · Butler for allies (37%)

    By 10:00 in all: 4 mex · 58 wind · 8 converter · 1 energy storage · 3 con turret

    The example game in this phase · 103 steps
    1. Wind
    2. Advanced Metal ExtractorT2 mex
    3. Wind
    4. Converter ×6
    5. Advanced Construction BotT2 con botfor Geo sea
    6. Wind
    7. Advanced Construction BotT2 con botfor Beach sea
    8. Converter
    9. Wind ×2
    10. Advanced Construction BotT2 con botfor Pond
    11. Wind ×9
    12. Advanced Construction BotT2 con botfor Suicide front
    13. Wind ×4
    14. ButlerButler ×3
    15. ButlerButler ×2for Geo sea
    16. Advanced Metal ExtractorT2 mex
    17. ButlerButler ×6
    18. Wind ×8
    19. ButlerButler
    20. Wind ×3
    21. ButlerButler
    22. Wind ×2
    23. ButlerButler
    24. Wind ×10
    25. Converter
    26. ButlerButlerfor Beach sea
    27. Wind ×5
    28. ButlerButlerfor Beach sea
    29. Converter
    30. Wind ×4
    31. ButlerButlerfor Air
    32. Wind ×2
    33. Converter
    34. Wind ×4
    35. Converter
    36. Wind ×2
    37. ButlerButlerfor Air
    38. Wind ×3
    39. Converter
    40. Wind ×4
    41. Advanced Construction BotT2 con bot
    42. Converter
    43. Wind ×6
    44. Converter
    45. Wind ×6
    46. Converter
    47. Wind ×4
    48. Converter
    49. Wind ×2
    50. Con turret
    51. Wind
    52. Fusion ReactorFusiondone 13:05
    53. Wind ×5
    54. Converter
    55. Wind ×4
    56. Converter
    57. Wind ×6
    58. Converter
    59. Wind ×5
    60. Converter
    61. Wind
    62. Con turret
    63. Advanced Bot LabEat Advanced Bot Labreclaimed for its metal
    64. Wind ×3
    65. Converter
    66. Wind ×5
    67. Converter
    68. Wind ×4
    69. Converter
    70. Wind ×4
    71. Converter
    72. Wind ×4
    73. Converter
    74. Wind ×6
    75. Converter
    76. Wind ×5
    77. Converter
    78. Wind
    79. CitadelAnti-nukedone 13:57
    80. Wind
    81. T2 converter
    82. Con turret ×2
    83. T2 converter
    84. Con turret
    85. Converter
    86. Con turret ×2
    87. Converter
    88. Wind
    89. Converter
    90. Wind ×2
    91. Converter
    92. Wind ×5
    93. Converter
    94. Wind
    95. Fusion ReactorFusion
    96. Wind ×3
    97. Converter
    98. Wind ×3
    99. Converter
    100. Wind ×5
    101. Converter
    102. Wind ×6
    103. Converter

Counts are medians over the build's games: half of them build more, half fewer. The example game is Private_Gator's (32 OS, 10/09/2026); pick another.

Team trades

IN AT LEAST 30% OF ITS GAMES

You hand over

  • Construction Bot1 Con bot to Airfirst at 2:24 · in 84% of games
  • Advanced Construction Bot5 T2 con bot to Air or Geo sea or Pondfirst at 4:50 · in 99% of games
  • Butler2 Butler to Geo sea or Beach sea or Pondfirst at 9:07 · in 42% of games

You get

  • Hercules1 Light transport from Airfirst at 4:01 · in 86% of games

How it plays out

Typical game of this build, running totals by minute

Metal produced

020k40k
0:005:0010:0015:00

metal

Enemy metal destroyed

050100
0:005:0010:0015:00

metal

Own metal lost

050100150
0:005:0010:0015:00

metal

1868 games.

Show as table
ByMetal produced: This buildEnemy metal destroyed: This buildOwn metal lost: This build
1:0038300
2:0091500
3:00165100
4:00314300
5:00484800
6:00580000
7:00722700
8:00906100
9:001116900
10:001350200
11:001623900
12:001965200
13:002344100
14:0027357074
15:003153885130
WHAT THE NUMBERS SAY

Standard Tech play barely fights at all early, instead pouring metal into T2 infrastructure and constructors for the team.

  • + Metal produced hits 31679 by 15:00, by far the highest of any role here.
  • + T2 factory reached in 97% of games by 4:15, fastest and most reliable T2 timing.
  • − Enemy metal destroyed stays at 0 through 10:00, no early offense at all.
  • − Own metal lost also near 0, showing total avoidance of combat risk.
THE EXAMPLE YOU ARE READING

Private_Gator

31.9 OS · 10/09/2026

Open source match ↗

2 received units
1397 metal received · 49303 energy received

Allied construction assistance is unknown. Timings are observations, not a promise of solo reproducibility.

Typical milestones

Bot Lab1:18Middle 50%: 1:13–1:32 · n=1868
Advanced Bot Lab4:16Middle 50%: 4:04–4:30 · n=1861
Advanced Metal Extractor5:29Middle 50%: 5:06–5:59 · n=1864

Played most by

Amrissa93games of this buildTheGeneraI66games of this buildAdeus57games of this buildEl_Turco56games of this buildKOT_43games of this build